 Dungeon Crawl Stone Soup version 0.32-a0-612-g1c984fe9d1 (webtiles) character file.

Game seed: 10234490325955531295

86 Smoke131 the Trooper (level 4, -6/48 HPs)
             Began as an Oni Gladiator on Mar 5, 2024.
             Mangled by Grinder (8 damage)
             ... on level 3 of the Dungeon.
             The game lasted 00:03:59 (1617 turns).

Smoke131 the Trooper (Oni Gladiator)                Turns: 1617, Time: 00:04:00

Health: -6/48      AC:  3    Str: 20    XL:     4   Next: 50%
Magic:  4/4        EV: 10    Int:  9    God:
Gold:   187        SH:  0    Dex: 10    Spells: 3/3 levels left

rFire   . . .        a - +0 flail
rCold   . . .        (no shield)
rNeg    . . .        b - +0 robe
rPois   .            c - +0 hat
rElec   .            (no cloak)
rCorr   .            (gloves unavailable)
SInv    .            (boots unavailable)
Will    .....        (no amulet)
Stlth   +            (no ring)
HPRegen 0.28/turn    (no ring)
MPRegen 0.09/turn

%: no passive effects
@: no status effects
A: large, unfitting armour, horns 1, tough skin 1, double potion healing,
drunken brawling
a: no special abilities


You were on level 3 of the Dungeon.
You visited 1 branch of the dungeon, and saw 3 of its levels.

You collected 187 gold pieces.

Inventory:

Hand Weapons
 a - a +0 flail (weapon)
Missiles
 d - 3 throwing nets
Armour
 b - a +0 robe (worn)
 c - a +0 hat (worn)
Jewellery
 t - a ring of wizardry
Wands
 q - a wand of charming (4)
Scrolls
 f - a scroll of immolation {unknown}
 h - a scroll of noise {unknown}
 j - 2 scrolls of fog {unknown}
 k - a scroll of revelation {unknown}
 l - a scroll of enchant weapon {unknown}
 m - a scroll of poison {unknown}
 o - a scroll of brand weapon {unknown}
 p - 2 scrolls of enchant armour {unknown}
 u - a scroll of identify {unknown}
Potions
 g - a potion of curing {unknown}
 i - a potion of heal wounds {unknown}
 n - a potion of attraction {unknown}
 r - a potion of brilliance {unknown}
 s - a potion of magic {unknown}


   Skills:
 + Level 4.0 Fighting
 + Level 3.7 Maces & Flails
 + Level 3.0 Throwing
 - Level 3.0 Dodging


You had 3 spell levels left.
You didn't know any spells.
Your spell library contained the following spells:

 Spells                   Type           Power      Damage    Failure   Level
 Summon Small Mammal      Summ           0%         N/A       38%         1
 Jinxbite                 Hex            0%         N/A       52%         2
 Call Canine Familiar     Summ           0%         N/A       77%         3
 Dazzling Flash           Conj/Hex       0%         N/A       77%         3
 Volatile Blastmotes      Fire/Tloc      0%         2d10      77%         3
 Summon Blazeheart Golem  Fire/Summ      0%         N/A       99%         4
 Yara's Violent Unravell  Hex/Alch       0%         3d3       100%        5
 Starburst                Conj/Fire      0%         6d3       100%        6
 Enfeeble                 Hex            0%         N/A       100%        7
 Maxwell's Capacitive Co  Air            0%         ∞         100%        8


Dungeon Overview and Level Annotations

Branches:
Dungeon (3/15)

Altars:
Xom

Annotations:
D:3 Grinder


Innate Abilities, Weirdness & Mutations

You are too large for most types of armour.
You have a pair of small horns on your head.
You have tough skin. (AC +1)
You gain doubled healing and magic from potions.
Whenever you drink a healing potion, you attack all around you.


Message History

You see here a large rock.
e - a large rock The giant cockroach misses you.
Throw: large rock
Press: ? - help, Q - select action, (/) - cycle Shift-Dir - straight line, f/p - Grinder
Aim: Grinder (heavily wounded, 52% to hit)
You throw a large rock.
The large rock completely misses Grinder.
The giant cockroach bites you. Grinder gestures at you.
Pain shoots through your body!
The giant cockroach bites you but does no damage.
You sock the giant cockroach!
You kill the giant cockroach!
Grinder gestures at you. You resist with significant effort.
Your Throwing skill increases to level 3!
You barely miss Grinder. You headbutt Grinder.
Grinder is heavily wounded.
Grinder hits you.
* * * LOW HITPOINT WARNING * * *
You hit Grinder.
Grinder is severely wounded.
Grinder barely misses you.
You hit Grinder. You headbutt Grinder, but do no damage.
Grinder is severely wounded.
Grinder gestures at you. Pain shoots through your body!
* * * LOW HITPOINT WARNING * * *
You completely miss Grinder.
Grinder is severely wounded.
Grinder hits you.
* * * LOW HITPOINT WARNING * * *
You writhe in agony.
* * * LOW HITPOINT WARNING * * *
You barely miss Grinder.
Grinder is severely wounded.
Grinder hits you!
You die...
Grinder says, "Now the real fun starts!"

#.........##.........
#...(.....##.......##
#.........##.......## ...
#..)......##.......#. ....
#.........##.........
.....#.........########..#
.....................†.†..#
.....#....5.(....#####..#.#
.... ##..†@......#####.#...
... ##.#####......#..#...
.. #.# #......#.##... # #..
#......#.##... ###
###.###..###.#
##.####.##..###...
..................
#.......#.>.......
........###.......


You could see Grinder.

Vanquished Creatures
  A bombardier beetle (D:3)
  A dart slug (D:1)
  A ribbon worm (D:2)
  An orc (D:3)
  A ball python (D:2)
  5 bats
  An endoplasm (D:3)
  3 giant cockroaches
  5 goblins
  8 hobgoblins
  2 jackals (D:2)
  5 kobolds
  A quokka (D:3)
  2 frilled lizards (D:3)
  7 rats
44 creatures vanquished.

Notes
Turn   | Place    | Note
-------+----------+-------------------------------------------
     0 | D:1      | Smoke131 the Oni Gladiator began the quest for the Orb.
     0 | D:1      | Reached XP level 1. HP: 22/22 MP: 1/1
   288 | D:1      | Reached skill level 3 in Fighting
   288 | D:1      | Reached XP level 2. HP: 29/31 MP: 2/2
   716 | D:2      | Reached XP level 3. HP: 30/37 MP: 3/3
  1289 | D:3      | Found a shimmering altar of Xom.
  1546 | D:3      | Reached skill level 4 in Fighting
  1546 | D:3      | Reached XP level 4. HP: 48/48 MP: 4/4
  1556 | D:3      | Noticed Grinder
  1605 | D:3      | Paralysed by Grinder for 5 turns
  1616 | D:3      | HP: 1/48 [Grinder (4)]
  1617 | D:3      | Mangled by Grinder

Illustrated notes

Levels and vault maps discovered:
D:1:      lightli_arrival_chessboard, layout_basic, st_stairs_11,
          minmay_misc_feat_doors
D:2:      layout_rooms
D:3:      layout_basic, mainiacjoe_overflow_cross_hatched, uniq_grinder

Skill      XL: |  1  2  3  4 |
---------------+-------------+-----
Fighting       | 3 4 |  4.0
Dodging        | 3 |  3.0
Throwing       | 3 |  3.0
Maces & Flails | |  3.7

Action                     |  1- 3 |  4- 6 || total
---------------------------+-------+-------++-------
  Melee: Flail             |   106 |    15 ||   121
         Headbutt          |    17 |     2 ||    19
  Throw: Large rock        |     1 |     3 ||     4
   Stab: Sleeping          |     1 |       ||     1
 Armour: Robe              |    89 |    23 ||   112
  Dodge: Dodged            |    69 |     8 ||    77

Table legend: (Time is in decaauts)
 A = Elapsed time spent in this place.
 B = Non-inter-level travel time spent in this place.
 C = Inter-level travel time spent in this place.
 D = Time resting spent in this place.
 E = Time spent auto-exploring this place.
 F = Levels seen in this place.
 G = Mean time per level.
                   A        B        C        D        E       F      G
               +--------+--------+--------+--------+--------+-----+--------+
         Total |   1649 |   1627 |     22 |     33 |   1172 |   3 |  549.7 |
       Dungeon |   1649 |   1627 |     22 |     33 |   1172 |   3 |  549.7 |
               +--------+--------+--------+--------+--------+-----+--------+

Top non-repeatable levels by time:
     D:1: 700 daAuts
     D:2: 513 daAuts
     D:3: 435 daAuts
